 Dungeon Sprint DCSS version 0.26.1-11-gd32895ea62 (webtiles) character file.

Game seed: 14418134683600741264

25 Selrock the Ruffian (level 2, -2/32 HPs)
             Began as a Troll Berserker on May 17, 2021.
             Was a Follower of Trog.
             Slain by an ogre
             ... wielding a +0 giant spiked club
              (26 damage)
             ... in the Dungeon (Sprint I: "Red Sonja").
             The game lasted 00:00:23 (36 turns).

Selrock the Ruffian (Troll Berserker)                 Turns: 36, Time: 00:00:24

Health: -2/32      AC:  6    Str: 24    XL:     2   Next: 82%
Magic:  1/1        EV: 11    Int:  3    God:    Trog [*.....]
Gold:   0          SH:  0    Dex:  9    Spells: 1/1 levels left

rFire    . . .     SeeInvis .     - Unarmed
rCold    . . .     Faith    .   (no shield)
rNeg     . . .     Spirit   .   a - +0 animal skin
rPois    .         Reflect  .   (helmet restricted)
rElec    .         Harm     .   (no cloak)
rCorr    .         Rampage  .   (gloves unavailable)
Will     .....     NoTele   +   (boots unavailable)
Stlth    +.........             (no amulet)
HPRegen  0.50/turn              (no ring)
MPRegen  0.07/turn              (no ring)

@: no status effects
A: large, unfitting armour, claws 3, regeneration 1, shaggy fur 1, tough skin 3
a: Renounce Religion, Berserk


You were in the Dungeon.
You worshipped Trog.
Trog was aware of your devotion.
You visited 1 branch

Inventory:

Armour
 a - a +0 animal skin (worn)
Scrolls
 g - a scroll of blinking
Potions
 b - a potion of curing
 d - a potion of haste
 e - 2 potions of magic
 f - a potion of berserk rage


   Skills:
 + Level 3.6 Fighting
 + Level 3.6 Dodging
 + Level 4.4 Unarmed Combat


You had one spell level left.
You didn't know any spells.
Your spell library was empty.

Dungeon Overview and Level Annotations

Branches:
Dungeon (1/1)

Altars:


Innate Abilities, Weirdness & Mutations

You are too large for most types of armour.
You have claws for hands.
Your natural rate of healing is unusually fast.
You are covered in fur. (AC +1)
You have extremely tough skin. (AC +3)


Message History

Welcome, Selrock the Troll Berserker.
Trog says: Kill them all!
Press ? for a list of commands and other information.
Found a staircase leading out of the dungeon.
You open the door.
Ijyb the Twisted Goblin comes into view.
She is wielding a +0 dagger.
Ijyb hits you but does no damage.
There is an open door here.
You scratch Ijyb.
Ijyb is lightly wounded.
Ijyb hits you but does no damage.
You closely miss Ijyb.
Ijyb is lightly wounded.
You closely miss Ijyb.
Ijyb is lightly wounded.
Ijyb barely misses you.
You scratch Ijyb but do no damage.
Ijyb is lightly wounded.
Ijyb hits you but does no damage.
You claw Ijyb!
Ijyb is heavily wounded.
Ijyb hits you but does no damage.
You claw Ijyb!
Ijyb is almost dead.
Ijyb screams, "I dance on your bones!" Ijyb hits you with a +0 dagger.
You barely miss Ijyb.
Ijyb is almost dead.
Ijyb hits you with a +0 dagger.
You barely miss Ijyb.
Ijyb is almost dead.
Ijyb hits you with a +0 dagger.
You scratch Ijyb.
Ijyb is almost dead.
Ijyb closely misses you.
You scratch Ijyb but do no damage.
Ijyb is almost dead.
Ijyb barely misses you.
You closely miss Ijyb.
Ijyb is almost dead.
Ijyb hits you but does no damage.
You scratch Ijyb.
You kill Ijyb!
Trog accepts your kill.
Your Fighting skill increases to level 3!
Your Dodging skill increases to level 3!
Your Unarmed Combat skill increases to level 4!
You have reached level 2!
You start resting.
HP restored.
Things that are here:
a +0 dagger; a +0 ring mail As you open the door, it creaks loudly!
You hear a shout!
An ogre comes into view. It is wielding a +0 giant spiked club.
Things that are here:
a +0 dagger; a +0 ring mail
There is an open door here.
You barely miss the ogre.
The ogre hits you with a +0 giant spiked club!!
Ouch! That really hurt!
* * * LOW HITPOINT WARNING * * *
You feel much better.
The ogre hits you with a +0 giant spiked club!!
Ouch! That really hurt!
You die...

##########
#<@#..'..#
#..O).#
#..####
#..# #..#
#..# #⌠⌠#
####


You could see an ogre.

Vanquished Creatures
  Ijyb (D)
1 creature vanquished.

Notes
Turn   | Place    | Note
-------+----------+-------------------------------------------
     0 | D        | Selrock the Troll Berserker began the quest for the Orb.
     0 | D        | Reached XP level 1. HP: 22/22 MP: 0/0
     2 | D        | Noticed Ijyb
    15 | D        | Killed Ijyb
    16 | D        | Reached skill level 4 in Unarmed Combat
    16 | D        | Reached XP level 2. HP: 26/32 MP: 1/1
    30 | D        | Noticed an ogre
    36 | D        | Slain by an ogre

Illustrated notes

Levels and vault maps discovered:
D:        dungeon_sprint_1 [red_sonja_temple_1, red_sonja_temple_small_1]

Skill      XL: |  1 |
---------------+----+-----
Fighting       | 3 |  3.6
Dodging        | 3 |  3.6
Unarmed Combat | 4 |  4.4

Action                   || total
-------------------------++-------
Melee: Unarmed           ||    13
  Use: Potion            ||     1
Armor: Animal skin       ||     2
Dodge: Dodged            ||     3
